| TOP OF THE 1ST |
|
Montgomery Biscuits batting - Pitching for Frisco RoughRiders : RHP Andy Knothe
|
|
Pitching: RHP Andy Knothe
|
|
|
Batting: LHB Davion Lewis
|
0-0: Ground out U3 (Groundball, 34S, EV 91.3 MPH)
|
|
Batting: LHB Austin Ohmer
|
0-0: SINGLE (Line Drive, 7LS, EV 103.8 MPH)
|
|
Batting: RHB Steve French
|
0-0: Ball 1-0: SINGLE (Line Drive, 8LS, EV 91.3 MPH) Austin Ohmer to second Runner from 2nd tries for 3rd, OUT! 8-5
|
|
Batting: RHB Wing-kit Bu
|
0-0: Ground out 4-3 (Groundball, 34, EV 86.9 MPH)
|
| Top of the 1st over - 0 runs, 2 hits, 0 errors, 1 left on base; Montgomery 0 - Frisco 0 |
| BOTTOM OF THE 1ST |
|
Frisco RoughRiders batting - Pitching for Montgomery Biscuits : LHP Randolph Rayner
|
|
Pitching: LHP Randolph Rayner
|
|
|
Batting: RHB Nate Taylor
|
0-0: Called Strike 0-1: Fly out, F8 (Flyball, 8LM, EV 86.9 MPH)
|
|
Batting: RHB Rodolfo Contreras
|
0-0: Fly out, F4 (Popup, 34S, EV 76.9 MPH)
|
|
Batting: RHB Josh Ferguson
|
0-0: Foul Ball, location: 2F 0-1: Ball 1-1: Called Strike 1-2: SOLO HOME RUN (Flyball, 78XD, EV 115.6 MPH), Distance : 438 ft
|
|
Batting: RHB Dale Aubrey
|
0-0: Ball 1-0: Swinging Strike 1-1: Foul Ball, location: 2F 1-2: Ball 2-2: SOLO HOME RUN (Flyball, 89XD, EV 108.8 MPH), Distance : 428 ft
|
|
Batting: SHB Isaiah Cherry
|
0-0: Ball 1-0: Ground out 4-3 (Groundball, 4, EV 87.5 MPH)
|
| Bottom of the 1st over - 2 runs, 2 hits, 0 errors, 0 left on base; Montgomery 0 - Frisco 2 |
| TOP OF THE 2ND |
|
Montgomery Biscuits batting - Pitching for Frisco RoughRiders : RHP Andy Knothe
|
|
Batting: LHB David Seminario
|
0-0: Called Strike 0-1: Foul Ball, location: 2F 0-2: Ball 1-2: Strikes out swinging
|
|
Batting: SHB Brett McEwen
|
0-0: SINGLE (Groundball, 34D, EV 95.6 MPH)
|
|
Batting: SHB Willie Koviak
|
0-0: Fielders Choice at 2nd, 6-4 (Groundball, 6, EV 79.4 MPH)
|
|
Batting: RHB Sczlopy Hed
|
0-0: Called Strike 0-1: Ball 1-1: Ball 2-1: SINGLE (Groundball, 34D, EV 96.3 MPH) Willie Koviak to second Runner from 2nd tries for 3rd, OUT! 9-5
|
| Top of the 2nd over - 0 runs, 2 hits, 0 errors, 1 left on base; Montgomery 0 - Frisco 2 |
| BOTTOM OF THE 2ND |
|
Frisco RoughRiders batting - Pitching for Montgomery Biscuits : LHP Randolph Rayner
|
|
Batting: RHB Chris Torlak
|
0-0: Ball 1-0: SINGLE (Line Drive, 8LS, EV 94.4 MPH)
|
|
Batting: RHB Brandon Davis
|
0-0: Called Strike 0-1: Ball 1-1: Ball 2-1: Ball 3-1: Base on Balls Chris Torlak to second
|
|
Batting: LHB Alfonso Collazo
|
0-0: Ball Chris Torlak steals 3rd base (no throw) Brandon Davis to second 1-0: Ground out 4-3 (Groundball, 4, EV 102.5 MPH) Chris Torlak scores Brandon Davis to third
|
|
Batting: LHB Antonio Domingues
|
0-0: Foul Ball, location: 2F 0-1: Ball 1-1: Swinging Strike 1-2: Ball 2-2: Ball 3-2: Foul Ball, location: 2F 3-2: Foul Ball, location: 2F 3-2: Fly out, F9 (Flyball, 9D, EV 105.6 MPH) Runner from 3rd tags up, SCORES, no throw by RF
|
|
Batting: RHB Nate Taylor
|
0-0: Fly out, F7 (Flyball, 7, EV 91.9 MPH)
|
| Bottom of the 2nd over - 2 runs, 1 hit, 0 errors, 0 left on base; Montgomery 0 - Frisco 4 |
| TOP OF THE 3RD |
|
Montgomery Biscuits batting - Pitching for Frisco RoughRiders : RHP Andy Knothe
|
|
Batting: RHB Alfredo Moreno
|
0-0: Called Strike 0-1: Swinging Strike 0-2: Foul Ball, location: 2F 0-2: Ball 1-2: Foul Ball, location: 2F 1-2: Strikes out swinging
|
|
Batting: LHB Davion Lewis
|
0-0: Called Strike 0-1: Ball 1-1: Ball 2-1: Foul Ball, location: 2F 2-2: Foul Ball, location: 2F 2-2: Foul Ball, location: 2F 2-2: Ground out 6-3 (Groundball, 56, EV 90.0 MPH)
|
|
Batting: LHB Austin Ohmer
|
0-0: Ball 1-0: Called Strike 1-1: Reached on error, E2 (Groundball, 2R, EV 66.3 MPH)
|
|
Batting: RHB Steve French
|
0-0: Ball 1-0: Foul Ball, location: 2F 1-1: Ball 2-1: Ball 3-1: Foul Ball, location: 2F 3-2: Fly out, F8 (Flyball, 8LD, EV 77.5 MPH)
|
| Top of the 3rd over - 0 runs, 0 hits, 1 error, 1 left on base; Montgomery 0 - Frisco 4 |
| BOTTOM OF THE 3RD |
|
Frisco RoughRiders batting - Pitching for Montgomery Biscuits : LHP Randolph Rayner
|
|
Batting: RHB Rodolfo Contreras
|
0-0: Ball 1-0: Ball 2-0: Ball 3-0: Base on Balls
|
|
Batting: RHB Josh Ferguson
|
0-0: Swinging Strike 0-1: Ball 1-1: Ball 2-1: Foul Ball, location: 2F 2-2: Fly out, F8 (Line Drive, 8LD, EV 96.3 MPH)
|
|
Batting: RHB Dale Aubrey
|
0-0: Called Strike Rodolfo Contreras steals 2nd base (no throw) 0-1: Foul Ball, location: 2F 0-2: Ball 1-2: Ball 2-2: Ball 3-2: Ground out 6-3 (Groundball, 6, EV 93.1 MPH) Rodolfo Contreras to third
|
|
Batting: SHB Isaiah Cherry
|
0-0: Ball 1-0: Ball 2-0: Ball 3-0: Called Strike 3-1: Foul Ball, location: 2F 3-2: Base on Balls
|
|
Batting: RHB Chris Torlak
|
0-0: Ball 1-0: Ball 2-0: Called Strike 2-1: Ball 3-1: Foul Ball, location: 2F 3-2: Foul Ball, location: 2F 3-2: Fly out, F9 (Flyball, 89S, EV 91.3 MPH)
|
| Bottom of the 3rd over - 0 runs, 0 hits, 0 errors, 2 left on base; Montgomery 0 - Frisco 4 |
| TOP OF THE 4TH |
|
Montgomery Biscuits batting - Pitching for Frisco RoughRiders : RHP Andy Knothe
|
|
Batting: RHB Wing-kit Bu
|
0-0: Swinging Strike 0-1: Called Strike 0-2: Ball 1-2: Ground out 6-3 (Groundball, 6, EV 82.5 MPH)
|
|
Batting: LHB David Seminario
|
0-0: Called Strike 0-1: Called Strike 0-2: Fly out, F8 (Flyball, 78XD, EV 98.1 MPH)
|
|
Batting: SHB Brett McEwen
|
0-0: Called Strike 0-1: Foul Ball, location: 2F 0-2: Ball 1-2: Foul Ball, location: 2F 1-2: Ball 2-2: Foul Ball, location: 2F 2-2: Ground out 5-3 (Groundball, 56S, EV 86.3 MPH)
|
| Top of the 4th over - 0 runs, 0 hits, 0 errors, 0 left on base; Montgomery 0 - Frisco 4 |
| BOTTOM OF THE 4TH |
|
Frisco RoughRiders batting - Pitching for Montgomery Biscuits : LHP Randolph Rayner
|
|
Pitching: RHP Jesse Rosa
|
|
|
Batting: RHB Brandon Davis
|
0-0: Ball 1-0: Swinging Strike 1-1: Ball 2-1: Foul Ball, location: 2F 2-2: Ball 3-2: Strikes out swinging
|
|
Batting: LHB Alfonso Collazo
|
0-0: Ball 1-0: Called Strike 1-1: Ball 2-1: Ball 3-1: Foul Ball, location: 2F 3-2: Strikes out swinging
|
|
Batting: LHB Antonio Domingues
|
0-0: Ball 1-0: Ball 2-0: Called Strike 2-1: Ball 3-1: Foul Ball, location: 2F 3-2: Base on Balls
|
|
Batting: RHB Nate Taylor
|
0-0: Called Strike 0-1: Foul Ball, location: 2F 0-2: Fielders Choice at 2nd, 6-4 (Groundball, 6, EV 85.6 MPH)
|
| Bottom of the 4th over - 0 runs, 0 hits, 0 errors, 1 left on base; Montgomery 0 - Frisco 4 |
| TOP OF THE 5TH |
|
Montgomery Biscuits batting - Pitching for Frisco RoughRiders : RHP Andy Knothe
|
|
Batting: SHB Willie Koviak
|
0-0: Foul Ball, location: 2F 0-1: Fly out, F7 (Flyball, 7LS, EV 90.0 MPH)
|
|
Batting: RHB Sczlopy Hed
|
0-0: Ball 1-0: Ball 2-0: Foul Ball, location: 2F 2-1: Ground out 6-3 (Groundball, 6, EV 98.8 MPH)
|
|
Batting: RHB Alfredo Moreno
|
0-0: Called Strike 0-1: Foul Ball, location: 2F 0-2: Foul Ball, location: 2F 0-2: Strikes out swinging
|
| Top of the 5th over - 0 runs, 0 hits, 0 errors, 0 left on base; Montgomery 0 - Frisco 4 |
| BOTTOM OF THE 5TH |
|
Frisco RoughRiders batting - Pitching for Montgomery Biscuits : RHP Jesse Rosa
|
|
Batting: RHB Rodolfo Contreras
|
0-0: Ball 1-0: Foul Ball, location: 2F 1-1: Ground out 5-3 (Groundball, 56S, EV 68.1 MPH)
|
|
Batting: RHB Josh Ferguson
|
0-0: Ball 1-0: Called Strike 1-1: Foul Ball, location: 2F 1-2: Foul Ball, location: 2F 1-2: Ball 2-2: Foul Ball, location: 2F 2-2: Ball 3-2: Base on Balls
|
|
Batting: RHB Dale Aubrey
|
Pickoff Throw to First - Out! 1-3 0-0: Called Strike 0-1: Swinging Strike 0-2: Hit by Pitch
|
|
Batting: SHB Isaiah Cherry
|
0-0: Ball Dale Aubrey steals 2nd base 1-0: Ball 2-0: Foul Ball, location: 2F 2-1: Foul Ball, location: 2F 2-2: Foul Ball, location: 2F 2-2: Fly out, F8 (Flyball, 8LD, EV 90.6 MPH)
|
| Bottom of the 5th over - 0 runs, 0 hits, 0 errors, 1 left on base; Montgomery 0 - Frisco 4 |
| TOP OF THE 6TH |
|
Montgomery Biscuits batting - Pitching for Frisco RoughRiders : RHP Andy Knothe
|
|
Batting: LHB Davion Lewis
|
0-0: Called Strike 0-1: Ground out 4-3 (Groundball, 4MD, EV 83.1 MPH)
|
|
Batting: LHB Austin Ohmer
|
0-0: Called Strike 0-1: Ball 1-1: Swinging Strike 1-2: Ball 2-2: Ball 3-2: Base on Balls
|
|
Batting: RHB Steve French
|
0-0: Called Strike 0-1: Fielders Choice at 2nd, 6-4 (Groundball, 6S, EV 93.8 MPH)
|
|
Batting: RHB Wing-kit Bu
|
0-0: Ball 1-0: Fly out, F8 (Flyball, 8RM, EV 91.3 MPH)
|
| Top of the 6th over - 0 runs, 0 hits, 0 errors, 1 left on base; Montgomery 0 - Frisco 4 |
| BOTTOM OF THE 6TH |
|
Frisco RoughRiders batting - Pitching for Montgomery Biscuits : RHP Jesse Rosa
|
|
Pinch Hitting: LHB Justin Balthazor
|
0-0: Called Strike 0-1: Called Strike 0-2: Foul Ball, location: 2F 0-2: Strikes out swinging, 2-3 out at first.
|
|
Batting: RHB Brandon Davis
|
0-0: Ball 1-0: Ball 2-0: Swinging Strike 2-1: Ball 3-1: Called Strike 3-2: Strikes out swinging
|
|
Batting: LHB Alfonso Collazo
|
0-0: Fly out, F7 (Flyball, 7S, EV 84.4 MPH)
|
| Bottom of the 6th over - 0 runs, 0 hits, 0 errors, 0 left on base; Montgomery 0 - Frisco 4 |
| TOP OF THE 7TH |
|
Montgomery Biscuits batting - Pitching for Frisco RoughRiders : RHP Andy Knothe
|
|
Now at 3B: Darnell Jones
|
|
|
Batting: LHB David Seminario
|
0-0: Ball 1-0: Called Strike 1-1: Ball 2-1: Foul Ball, location: 2F 2-2: Strikes out looking
|
|
Batting: SHB Brett McEwen
|
0-0: Swinging Strike 0-1: Ball 1-1: Fly out, F7 (Flyball, 78D, EV 98.1 MPH)
|
|
Batting: SHB Willie Koviak
|
0-0: Called Strike 0-1: Foul Ball, location: 2F 0-2: Foul Ball, location: 2F 0-2: Ball 1-2: Ground out U3 (Groundball, 3L, EV 79.4 MPH)
|
| Top of the 7th over - 0 runs, 0 hits, 0 errors, 0 left on base; Montgomery 0 - Frisco 4 |
| BOTTOM OF THE 7TH |
|
Frisco RoughRiders batting - Pitching for Montgomery Biscuits : RHP Jesse Rosa
|
|
Pitching: RHP Joey Morrison
|
|
|
Batting: LHB Antonio Domingues
|
0-0: Swinging Strike 0-1: Ball 1-1: Called Strike 1-2: Ground out 4-3 (Groundball, 4, EV 91.3 MPH)
|
|
Batting: RHB Nate Taylor
|
0-0: Foul Ball, location: 2F 0-1: Fly out, F8 (Flyball, 8LXD, EV 96.9 MPH)
|
|
Batting: RHB Rodolfo Contreras
|
0-0: Ball 1-0: Ball 2-0: Ground out 6-3 (Groundball, 6, EV 83.1 MPH)
|
| Bottom of the 7th over - 0 runs, 0 hits, 0 errors, 0 left on base; Montgomery 0 - Frisco 4 |
| TOP OF THE 8TH |
|
Montgomery Biscuits batting - Pitching for Frisco RoughRiders : RHP Andy Knothe
|
|
Now at 2B: Isaiah Cherry
|
|
|
Now at 3B: Shoh Tanioka
|
|
|
Now at SS: Darnell Jones
|
|
|
Batting: RHB Sczlopy Hed
|
0-0: Ball 1-0: Swinging Strike 1-1: Called Strike 1-2: Ball 2-2: Strikes out swinging
|
|
Pinch Hitting: LHB Barnabé Metrass
|
0-0: Foul Ball, location: 2F 0-1: Fly out, F4 (Flyball, 34D, EV 91.3 MPH)
|
|
Batting: LHB Davion Lewis
|
0-0: Ball 1-0: Ball 2-0: Ball 3-0: Called Strike 3-1: Called Strike 3-2: Foul Ball, location: 2F 3-2: Base on Balls
|
|
Pitching: RHP Mike Warren
|
|
|
Batting: LHB Austin Ohmer
|
0-0: Ball 1-0: Ball 2-0: Ball 3-0: Base on Balls Davion Lewis to second
|
|
Batting: RHB Steve French
|
0-0: Ball 1-0: Ball 2-0: Called Strike 2-1: Ball 3-1: Called Strike 3-2: Foul Ball, location: 2F 3-2: Ground out 6-3 (Groundball, 6S, EV 83.8 MPH)
|
| Top of the 8th over - 0 runs, 0 hits, 0 errors, 2 left on base; Montgomery 0 - Frisco 4 |
| BOTTOM OF THE 8TH |
|
Frisco RoughRiders batting - Pitching for Montgomery Biscuits : RHP Joey Morrison
|
|
Now at 3B: Devin Brown
|
|
|
Now at SS: Willie Koviak
|
|
|
Batting: RHB Josh Ferguson
|
0-0: Ball 1-0: Foul Ball, location: 2F 1-1: Foul Ball, location: 2F 1-2: Ball 2-2: Ground out 6-3 (Groundball, 6, EV 96.9 MPH)
|
|
Batting: RHB Dale Aubrey
|
0-0: Ball 1-0: Foul Ball, location: 2F 1-1: Foul Ball, location: 2F 1-2: Foul Ball, location: 2F 1-2: Strikes out swinging passed ball, reaches first!
|
|
Batting: SHB Isaiah Cherry
|
0-0: Called Strike Dale Aubrey steals 2nd base 0-1: Ball 1-1: Swinging Strike 1-2: Fly out, F8 (Flyball, 8RD, EV 88.1 MPH)
|
|
Batting: RHB Darnell Jones
|
0-0: DOUBLE (Groundball, 5L, EV 110.0 MPH) Dale Aubrey scores
|
|
Batting: RHB Brandon Davis
|
0-0: Ball 1-0: Called Strike 1-1: Foul Ball, location: 2F 1-2: Foul Ball, location: 2F 1-2: Strikes out looking
|
| Bottom of the 8th over - 1 run, 1 hit, 0 errors, 1 left on base; Montgomery 0 - Frisco 5 |
| TOP OF THE 9TH |
|
Montgomery Biscuits batting - Pitching for Frisco RoughRiders : RHP Mike Warren
|
|
Batting: RHB Wing-kit Bu
|
0-0: SOLO HOME RUN (Flyball, 89XD, EV 110.6 MPH), Distance : 437 ft
|
|
Pitching: RHP Manny Cabrera
|
|
|
Batting: LHB David Seminario
|
0-0: Ball 1-0: Ball 2-0: Called Strike 2-1: DOUBLE (Flyball, 78D, EV 104.4 MPH)
|
|
Batting: SHB Brett McEwen
|
0-0: Called Strike 0-1: Foul Ball, location: 2F 0-2: Ball 1-2: Ball 2-2: Ground out 1-3 (Groundball, 13S, EV 68.1 MPH) David Seminario to third
|
|
Batting: SHB Willie Koviak
|
0-0: Ball 1-0: Called Strike 1-1: Ball 2-1: Ground out 3-1 (Groundball, 34S, EV 85.6 MPH) David Seminario scores
|
|
Batting: RHB Sczlopy Hed
|
0-0: Foul Ball, location: 2F 0-1: Foul Ball, location: 2F 0-2: Ball 1-2: Foul Ball, location: 2F 1-2: Strikes out swinging
|
| Top of the 9th over - 2 runs, 2 hits, 0 errors, 0 left on base; Montgomery 2 - Frisco 5 |
|